 Dungeon Crawl Stone Soup version 0.24-a0-462-ge24419a6ad (webtiles) character file.

Game seed: 17068052132165512803

343 Mithandil the Conjurer (level 6, 0/32 HPs)
             Began as a Deep Elf Conjurer on July 2, 2019.
             Slain by an orc
             ... wielding a +0 short sword
              (5 damage)
             ... on level 4 of the Dungeon.
             The game lasted 00:27:31 (2869 turns).

Mithandil the Conjurer (Deep Elf Conjurer)          Turns: 2869, Time: 00:27:31

Health: 0/32       AC:  3    Str:  5    XL:     6   Next: 31%
Magic:  1/16       EV: 14    Int: 22    God:
Gold:   221        SH:  0    Dex: 15    Spells: 1/15 levels left

rFire    . . .     SeeInvis .   a - +3 dagger
rCold    . . .     Gourm    .   (no shield)
rNeg     . . .     Faith    .   d - +0 robe
rPois    .         Spirit   .   j - +0 helmet
rElec    .         Reflect  .   (no cloak)
rCorr    .         Harm     .   (no gloves)
MR       .....                  (no boots)
Stlth    +++.......             i - amulet of regeneration
HPRegen  0.50/turn              p - ring of flight
MPRegen  0.15/turn              (no ring)

@: no status effects
A: no striking features
a: Evoke Flight


You were on level 4 of the Dungeon.
You were not hungry.

You visited 1 branch of the dungeon, and saw 5 of its levels.

You collected 221 gold pieces.

Inventory:

Hand Weapons
 a - a +3 dagger (weapon)
 k - a +1 dagger of chaos
Missiles
 b - 87 stones
 r - 2 boomerangs (quivered)
Armour
 d - a +0 robe (worn)
 j - a +0 helmet (worn)
Jewellery
 i - an amulet of regeneration (around neck)
 p - a ring of flight (left hand)
Scrolls
 o - 4 scrolls of teleportation
 q - 4 scrolls of identify
Potions
 e - a potion of resistance
 f - a potion of flight {unknown}
 g - a potion of lignification {unknown}
 h - 2 potions of brilliance {unknown}
 l - a potion of degeneration {unknown}
 m - a potion of berserk rage {unknown}
 n - a potion of might {unknown}
 s - a potion of mutation {unknown}
Comestibles
 c - 5 rations


   Skills:
 + Level 1.1 Short Blades
 + Level 3.7 Dodging
 + Level 4.1 Stealth
 * Level 5.4 Spellcasting
 * Level 5.9 Conjurations
 + Level 1.1 Translocations


You had one spell level left.
You knew the following spells:

 Your Spells              Type           Power        Failure   Level  Hunger
a - Magic Dart            Conj           ####         1%          1    None
b - Searing Ray           Conj           ####..       1%          2    None
c - Force Lance           Conj/Tloc      ###.....     22%         4    ####...
d - Iskenderun's Mystic   Conj           ####....     9%          4    ####...
e - Dazzling Spray        Conj/Hex       ###...       9%          3    ##.....

Your spell library contained the following spells:

 Spells                   Type           Power        Failure   Level  Hunger
 Fulminant Prism          Conj/Hex       ###.......   28%         4    ####...


Dungeon Overview and Level Annotations

Branches:
Dungeon (5/15)
 Temple: D:4-7

Altars:
Ashenzari
Elyvilon
Gozag
Hepliaklqana
Nemelex Xobeh
Qazlal
Xom
Yredelemnul

Annotations:
D:3 Ijyb, Jessica


Message History

The orc barely misses you.
You climb downwards.
There is a stone staircase leading up here.
Casting: Magic Dart (safe; 1% risk of failure)
Confirm with . or Enter, or press ? or * to list all spells.
Aiming: Magic Dart (safe; 1% risk of failure)
Press: ? - help, Shift-Dir - straight line, f - orc
Aim: an orc, wielding a +0 short sword and wearing a +0 chain mail The magic dart hits the orc but does no damage.
The orc hits you with a +0 short sword.
* * * LOW HITPOINT WARNING * * *
You closely miss the orc. The orc hits you with a +0 short sword.
* * * LOW HITPOINT WARNING * * *
You hit the orc.
The orc is lightly wounded.
The orc hits you but does no damage.
You closely miss the orc.
The orc is lightly wounded.
The orc hits you with a +0 short sword.
You die...

#.........##.............#
.........####.........##..###
...##...... ###......###....# ...
#...##.. ###.#..#......# #.
....#...######.#.....#.### .
[......#....)##>#.#.## .
#..........#.###.....# #
#.........##..##.....# # #.
.......@o...........#### ....
.............#......###.. ....
.......#.....####........ ....
......##..#.##.......... ......
.#....###...##...###'### ......
#....# ##..##...#≈≈.≈≈# ........
......#####.#....#§8.8≈#
.........##.##.##....##.#.'.._..'
......... #...........##≈8.8≈#


You could see an orc.

Vanquished Creatures
  A crimson imp (D:3)
  An orc priest (D:4)
  A hound (D:5)
  2 orc wizards
  2 worker ants (D:4)
  An adder (D:5)
  2 gnolls (D:2)
  3 oozes
  A worm (D:2)
  5 leopard geckos
  13 orcs
  A ball python (D:1)
  5 giant cockroaches
  8 goblins
  12 hobgoblins
  5 jackals
  2 quokkas
  5 bats
  2 frilled lizards (D:3)
  5 kobolds
  11 rats
88 creatures vanquished.

Notes
Turn   | Place    | Note
-------+----------+-------------------------------------------
     0 | D:1      | Mithandil the Deep Elf Conjurer began the quest for the
                  | Orb.
     0 | D:1      | Reached XP level 1. HP: 10/10 MP: 6/6
   112 | D:1      | Reached XP level 2. HP: 15/15 MP: 2/8
   118 | D:1      | Learned a level 2 spell: Searing Ray
   516 | D:1      | Found a sparkling altar of Nemelex Xobeh.
   744 | D:2      | Reached XP level 3. HP: 19/19 MP: 3/10
   771 | D:2      | Found a white marble altar of Elyvilon.
   907 | D:2      | Found a shattered altar of Ashenzari.
  1200 | D:2      | Found a stormy altar of Qazlal.
  1278 | D:2      | Reached skill level 5 in Conjurations
  1287 | D:2      | Reached XP level 4. HP: 24/24 MP: 1/12
  1296 | D:2      | Learned a level 4 spell: Force Lance
  1360 | D:2      | Found a shimmering altar of Xom.
  1471 | D:3      | Noticed Jessica
  1875 | D:3      | Noticed Ijyb
  1888 | D:4      | Found an opulent altar of Gozag.
  2020 | D:4      | Found a hazy altar of Hepliaklqana.
  2042 | D:3      | Reached XP level 5. HP: 25/28 MP: 12/14
  2048 | D:3      | Learned a level 4 spell: Iskenderun's Mystic Blast
  2283 | D:4      | Noticed an ogre
  2293 | D:5      | Entered Level 5 of the Dungeon
  2300 | D:5      | Reached skill level 5 in Spellcasting
  2343 | D:5      | Found a basalt altar of Yredelemnul.
  2589 | D:4      | Reached XP level 6. HP: 26/32 MP: 8/15
  2594 | D:4      | Learned a level 3 spell: Dazzling Spray
  2715 | D:4      | Reached skill level 1 in Short Blades
  2715 | D:4      | Reached skill level 1 in Translocations
  2869 | D:4      | Slain by an orc

Levels and vault maps discovered:
D:1:      dpeg_arrival_simpleton_c, layout_rooms, nemelex_diamond_rough_becter
D:2:      layout_rooms, lemuel_crystal_altar, evilmike_ruin_ashenzari,
          grunt_qazlal_clouds, first_ration, tgw_xom
D:3:      layout_basic, overflow_temple_1_default, uniq_jessica, uniq_ijyb
D:4:      layout_cave_pools, nicolae_gozag_seed_capital, kennysheep_little_box
D:5:      cheibrodos_quashed, layout_cave_pools, yredelemnul_altar_generic,
          minmay_temple_entry_large_hall

Skill      XL: |  1  2  3  4  5  6 |
---------------+-------------------+-----
Stealth        | 3 4 |  4.1
Dodging        | 3 |  3.7
Spellcasting   | 4 5 |  5.4
Conjurations   | 5 |  5.9
Short Blades   | 1 |  1.1
Translocations | 1 |  1.1

Action                   |  1- 3 |  4- 6 || total
-------------------------+-------+-------++-------
Melee: Dagger            |     8 |    13 ||    21
Throw: Stone             |     2 |       ||     2
 Cast: Magic Dart        |    85 |   138 ||   223
  Use: Scroll            |     7 |       ||     7
  Eat: Ration            |     1 |     1 ||     2
Armor: Robe              |     1 |    10 ||    11
Dodge: Dodged            |    10 |    42 ||    52

Table legend:
 A = Non-vault XP
 B = Vault XP
 C = Vault XP percentage of total XP
 D = Non-vault monster count
 E = Vault monster count
 F = Vault count percentage of total count
                 A         B        C        D         E       F
            +---------+---------+-------+---------+---------+-------
      Total |     453 |      37 |   7.6 |      82 |       6 |   6.8
            +---------+---------+-------+---------+---------+-------
        D:1 |      30 |       0 |   0.0 |      18 |       0 |   0.0
        D:2 |      40 |      37 |  48.1 |      19 |       6 |  24.0
        D:3 |     146 |       0 |   0.0 |      27 |       0 |   0.0
        D:4 |     176 |       0 |   0.0 |      15 |       0 |   0.0
        D:5 |      61 |       0 |   0.0 |       3 |       0 |   0.0
            +---------+---------+-------+---------+---------+-------
